 Dungeon Crawl Stone Soup version 0.16.0-12-g7215832 (console) character file.

51 Cab the Sneak (level 3, 0/18 HPs)
             Began as a Felid Wanderer on Mar 18, 2015.
             Shot with a sling bullet of flame by a goblin (3 damage)
             ... led by Robin
             ... on level 3 of the Dungeon.
             The game lasted 00:08:34 (1359 turns).

Cab the Sneak (Felid Wanderer)                      Turns: 1359, Time: 00:08:35

Health: 0/18       AC:  4    Str:  9    XL:     3   Next: 58%
Magic:  5/5        EV: 16    Int: 16    God:
Gold:   224        SH:  0    Dex: 12    Spells: 0 memorised, 2 levels left
                                        Lives:  0   Deaths: 1

rFire  . . .     SeeInvis +       - Unarmed
rCold  . . .     Clarity  .     (armour unavailable)
rNeg   . . .     SustAb   .     (shield unavailable)
rPois  .         Gourm    .     (helmet unavailable)
rElec  .         Spirit   .     (cloak unavailable)
rCorr  .         Warding  .     (gloves unavailable)
rMut   +         Stasis   .     (boots unavailable)
MR     .....                    i - amulet of resist mutation
Stlth  ++++......               (no ring)
                                d - +3 ring of protection

@: quick, not resistant to hostile enchantments, stealthy
A: paw claws, no armour, no weapons or thrown items, fangs 3, see invisible,
carnivore 3, speed 1, shaggy fur 1, slow metabolism 1, sharp paws
a: no special abilities


You were on level 3 of the Dungeon.
You were not hungry.

You visited 1 branch of the dungeon, and saw 3 of its levels.

You collected 224 gold pieces.

Inventory:

Jewellery
 d - a +3 ring of protection (left paw)
 i - an amulet of resist mutation (around neck)
Scrolls
 b - a scroll of blinking
 c - 3 scrolls of teleportation
 k - 2 scrolls of identify
 m - a scroll of amnesia {unknown}
Potions
 a - a potion of restore abilities
 j - a potion of might {unknown}
 l - a potion of cure mutation {unknown}
 n - a potion of heal wounds {unknown}
 o - a potion of magic {unknown}
Comestibles
 f - 2 meat rations
 g - 2 beef jerkies


   Skills:
 - Level 4.0 Fighting
 - Level 1.3 Dodging
 - Level 5.3 Stealth
 + Level 4.5 Unarmed Combat


You had 2 spell levels left.
You didn't know any spells.

Dungeon Overview and Level Annotations

Branches:
Dungeon (3/15)

Altars:
Yredelemnul


Innate Abilities, Weirdness & Mutations

You cannot wear armour.
You are incapable of wielding weapons or throwing items.
You have razor-sharp teeth.
You have supernaturally acute eyesight.
You are carnivorous and can eat meat at any time.
You cover ground quickly.
You are covered in fur (AC +1).
You have a slow metabolism.
Your paws have sharp claws that are effective at stabbing.


Message History

Your brain hurts!
It was a scroll of random uselessness.
The goblin shoots a sling bullet of flame.
The sling bullet of flame closely misses you. 2 goblins come into view.
Read which item? (? for menu, Esc to quit)
As you read the scroll labeled CIAMOA LOUCOH, it crumbles to dust.
It is a scroll of identify.
Identify which item? (\ to view known items) (? for menu, Esc to quit)
a - a potion of restore abilities The goblin shouts!
The goblin moves out of view.
The goblin shoots a sling bullet of flame.
The sling bullet of flame hits you!
Ouch! That really hurt!
The sling bullet of flame burns you.
* * * LOW HITPOINT WARNING * * *
A goblin comes into view. It is wielding a dagger.
The goblin shoots a sling bullet of flame.
The sling bullet of flame hits you.
You die...

∙∙ ▒∙▒∙∙∙∙∙∙∙▒ ▒∙∙∙∙∙∙
▒∙▒▒■▒∙∙∙∙∙∙∙▒ ▒▒▒▒∙∙▒
▒▒▒%▒∙∙∙∙∙∙∙∙∙∙▒ ∙∙▒
∙∙▒∙∙∙∙∙∙∙∙∙∙∙∙▒ ∙▒ ▒∙▒
▒∙▒▒∙∙∙∙▒∙∙∙∙∙∙▒ ∙ ▒∙▒
▒∙▒▒∙∙∙∙▒▒▒∙▒▒▒▒ ▒∙▒
▒∙▒▒∙∙∙∙▒ ▒∙∙∙
▒∙▒▒▒▒∙∙∙∙∙∙∙▒ ▒▒▒▒∙▒
▒∙▒▒∙∙∙%∙∙∙∙@▒▒▒▒▒▒▒▒▒▒▒
▒∙▒▒▒∙▒▒▒∙∙∙∙∙∙∙∙∙(∙g∙∙▒
▒∙▒ ▒∙▒
▒▒∙▒▒▒▒▒▒▒▒▒▒∙∙g∙∙g
▒▒'▒▒▒∙▒▒ ▒∙▒▒▒▒▒


∙∙g ▒∙∙∙∙)∙∙▒▒▒∙▒∙∙∙▒ ∙ ▒∙∙∙∙∙∙∙∙∙∙∙▒∙∙∙▒ ▒∙∙∙∙∙∙∙▒▒▒▒▒∙∙∙▒ ▒▒▒▒∙∙∙∙∙∙∙▒▒▒▒▒∙∙∙▒
∙∙∙∙∙∙▒▒▒▒▒▒∙∙∙∙∙∙∙▒ You could see a goblin.

Vanquished Creatures
  Jessica (D:2)
  2 adders (D:2)
  A worm (D:2)
  A giant gecko (D:3)
  An ooze (D:2)
  9 bats
  A gnoll zombie (D:2)
  8 hobgoblins
  3 jackals (D:2)
  6 kobolds
  3 quokkas
  4 giant cockroaches
  2 giant newts
  5 goblins
  21 rats
68 creatures vanquished.

Notes
Turn   | Place    | Note
--------------------------------------------------------------
     0 | D:1      | Cab, the Felid Wanderer, began the quest for the Orb.
     0 | D:1      | Cab set off with: a scroll of blinking, 2 scrolls of teleportation, a meat ration
     0 | D:1      | Reached XP level 1. HP: 11/11 MP: 2/2
   198 | D:1      | Reached XP level 2. HP: 10/15 MP: 3/3
   688 | D:2      | Reached XP level 3. HP: 18/18 MP: 5/5
   857 | D:2      | Noticed Jessica
   865 | D:2      | Killed Jessica
   914 | D:2      | Reached XP level 4. HP: 17/22 MP: 7/7
  1074 | D:2      | Found a basalt altar of Yredelemnul.
  1302 | D:3      | Noticed a water moccasin
  1316 | D:3      | HP: 1/22 [poisoned by a water moccasin]
  1317 | D:3      | Succumbed to a water moccasin's poison
  1318 | D:3      | Reached XP level 3. HP: 0/18 MP: 5/5
  1359 | D:3      | Shot with a sling bullet of flame by a goblin

Action                   |  1- 3 |  4- 6 || total
-------------------------+-------+-------++-------
Melee: Unarmed           |    82 |    81 ||   163
  Use: Scroll            |     3 |     1 ||     4
       Potion            |       |     1 ||     1
 Stab: Sleeping          |     8 |     5 ||    13
  Eat: Chunk             |     6 |     1 ||     7
